AoeStats
← HugoChavez

Arabia

510626121Analyzed
1v1 RM · 1d ago on Oct 1, 2026· 33m 47s· 2 players
Game mode
Random Map
Map size
Tiny (2 player)
Population
200
Speed
Normal
Resources
Standard
Victory
Conquest
Starting age
Dark Age
Ending age
Imperial Age
RankedLock teamsTeams togetherTeam positionsShared explorationLock speedFull tech treeHidden civsTurbo modeCheats
Victory
Defeat
🇵🇪 Mongols · Peru
1092
+14
🇨🇱 Byzantines · Chile
1059
-14
VIT | Aguilax
9:15 Feudal Age
9:21 Man-at-Arms
9:49 Loom
18:38 Fletching
23:14 Castle Age
22:15 Padded Archer Armor
23:58 Bodkin Arrow
23:27 Crossbowman
25:34 Leather Archer Armor
30:03 Thumb Ring
HugoChavez
4:36 Loom
5:39 Loom
10:54 Feudal Age
11:00 Man-at-Arms
14:19 Double-Bit Axe
16:25 Horse Collar
25:15 Padded Archer Armor
27:37 Castle Age
29:05 Elite Skirmisher
Connection lost

Rejoining the realm…

Still unreachable

The connection could not be restored.

Session expired

The server has moved on; the page needs a fresh start.